 Dungeon Crawl Stone Soup version 0.28.0-43-g3370ac3207 (webtiles) character file.

Game seed: 13708017410085896073

118 Faeu the Skirmisher (level 4, -11/41 HPs)
             Began as a Minotaur Fighter on Mar 27, 2022.
             Was a Follower of Okawaru.
             Mangled by an ogre
             ... wielding a +0 giant spiked club
              (26 damage)
             ... on level 4 of the Dungeon.
             The game lasted 00:06:46 (3221 turns).

Faeu the Skirmisher (Minotaur Fighter)              Turns: 3221, Time: 00:06:47

Health: -11/41     AC:  7    Str: 23    XL:     4   Next: 72%
Magic:  12/12      EV:  9    Int:  5    God:    Okawaru [*.....]
Gold:   91         SH:  4    Dex:  9    Spells: 3/3 levels left

rFire   . . .      SeeInvis .   k - +1 spear (flame) {polearm}
rCold   . . .      Faith    .   c - +0 buckler
rNeg    . . .      Spirit   .   b - +0 scale mail
rPois   .          Reflect  .   (helmet restricted)
rElec   .          Harm     .   (no cloak)
rCorr   .          Rampage  .   (no gloves)
Will    .....                   (no boots)
Stlth   ..........              m - amulet of the acrobat
HPRegen 0.13/turn               l - ring of magical power
MPRegen 0.13/turn               (no ring)

@: no status effects
A: horns 2, retaliatory headbutt
a: Renounce Religion, Heroism


You were on level 4 of the Dungeon.
You worshipped Okawaru.
Okawaru was aware of your devotion.
You visited 1 branch of the dungeon, and saw 4 of its levels.

You collected 91 gold pieces.


Innate Abilities, Weirdness & Mutations

You have a pair of horns on your head.
You reflexively headbutt those who attack you in melee.


   Skills:
 + Level 4.6 Fighting
 + Level 3.7 Long Blades
 + Level 4.5 Armour
 + Level 4.5 Shields


You had 3 spell levels left.
You didn't know any spells.
Your spell library was empty.

Inventory:

Hand Weapons
 a - a +0 long sword {long}
 i - a +0 hand axe of venom {axe}
   (You found it on level 1 of the Dungeon)
 k - a +1 spear of flaming (weapon) {polearm}
   (You found it on level 1 of the Dungeon)
Missiles
 h - 2 poisoned darts (quivered) {throwing}
 r - 3 boomerangs {throwing}
Armour
 b - a +0 scale mail (worn)
 c - a +0 buckler (worn)
 s - an orb of light
   (You found it on level 3 of the Dungeon)
Jewellery
 l - a ring of magical power (left hand)
   (You found it on level 1 of the Dungeon)
 m - an amulet of the acrobat (around neck)
   (You found it on level 1 of the Dungeon)
Scrolls
 e - a scroll of enchant armour {unknown}
 f - a scroll of enchant weapon {unknown}
 j - 2 scrolls of identify {unknown}
 o - a scroll of magic mapping {unknown}
 p - a scroll of blinking {unknown}
 q - a scroll of amnesia {unknown}
 v - a scroll of immolation {unknown}
Potions
 d - a potion of might
 g - a potion of flight {unknown}
 n - a potion of haste {unknown}
 t - a potion of heal wounds {unknown}
 u - a potion of brilliance {unknown}

Dungeon Overview and Level Annotations

Branches:
Dungeon (4/15)
 Temple: D:4-7

Altars:
Okawaru
Uskayaw

..... ...# #..... ...#
#. #..... #..#####..
#....# #...#.#..
##....## ##........
###......## ##......#
..........###......#
......#............# .
#............@.## .#
##.......##..O..#
..##..####...#........
...#..# ##...#....#.##
#....## ##.........#
##...# ##.........
...... ##.##
.....####. ......
##.## ##..## .. .....#
##...## ......


You could see an ogre.


Message History

a +0 spear {polearm}; a goblin corpse 😕 HP[+1]
Things that are here:
a +0 spear {polearm}; a goblin corpse A kobold comes into view.
It is wielding a +0 short sword.
The kobold shouts! 😎 HP[+2]
The kobold completely misses you.
You hit the kobold. You burn the kobold. Your headbutt misses the kobold.
The kobold hits you with a +0 short sword. 😕 HP[-4]
You take 4 damage, and now have 37/41 hp.
You hit the kobold. You burn the kobold.
You kill the kobold!
Okawaru accepts your kill.
Things that are here:
a +0 short sword {short}; a kobold corpse 😕 HP[+1]
Things that are here:
a +0 short sword {short}; a kobold corpse
Things that are here:
a +0 short sword {short}; a kobold corpse You open the door.
An adder comes into view.
The adder hisses angrily. 😎 HP[+3]
You puncture the adder! You burn the adder. The adder closely misses you.
You hit the adder. You burn the adder. Your headbutt misses the adder.
The adder bites you but does no damage. You block the adder's attack.
You hit the adder. You burn the adder.
You kill the adder!
Okawaru accepts your kill.
There is a stone staircase leading up here.
You open the door.
There is an open door here.
You open the door.
There is an open door here.
You see here 18 arrows.
Done exploring.
(D) Dungeon
Where to? (Enter - D:3, ? - help)
You see here a +0 club {mace}.
There is a stone staircase leading down here.
You climb downwards.
The goblin shouts!
There is a stone staircase leading up here.
A goblin is nearby!
You miss the goblin. You block the goblin's attack.
You hit the goblin. You burn the goblin.
You kill the goblin!
Okawaru accepts your kill.
An adder comes into view.
The adder hisses angrily.
Things that are here:
a +0 club {mace}; a goblin corpse The adder misses you. x2; You furiously retaliate!
You headbutt the adder. You hit the adder. You burn the adder.
The adder bites you.
You are poisoned.
The adder poisons you! 😕 HP[-1]
You take 1 damage, and now have 40/41 hp.
You barely miss the adder.
You feel sick. The adder bites you.
The adder bites you but does no damage. 😕 HP[-3]
You take 3 damage, and now have 37/41 hp.
You hit the adder. You burn the adder.
You kill the adder!
Okawaru accepts your kill.
You feel sick. 😕 HP[-1]
You take 1 damage, and now have 36/41 hp.
You feel sick. 😕 HP[-1]
You take 1 damage, and now have 35/41 hp.
You feel sick.
You feel sick.
You feel sick.
You are no longer poisoned.
HP restored.
v - a scroll labelled ZEUSIRGHIEMEU 😎 HP[+6]
A quokka comes into view.
The quokka misses you. You furiously retaliate!
You headbutt the quokka!
You kill the quokka!
Okawaru accepts your kill.
An ogre comes into view. It is wielding a +0 giant spiked club.
The ogre shouts!
You barely miss the ogre.
You headbutt the ogre, but do no damage.
The ogre hits you with a +0 giant spiked club!!
Ouch! That really hurt!
* * * LOW HITPOINT WARNING * * *
😨 HP[-26]
You take 26 damage, and now have 15/41 hp.
MASSIVE DAMAGE!! (PAUSE)
You closely miss the ogre. The ogre barely misses you.
You hit the ogre. You burn the ogre.
The ogre hits you with a +0 giant spiked club!!
Ouch! That really hurt!
You die...

Skill      XL: |  1  2 |
---------------+-------+-----
Fighting       | 4 |  4.6
Long Blades    | 3 |  3.7
Armour         | 4 |  4.5
Shields        | 4 |  4.5

Action                   |  1- 3 |  4- 6 || total
-------------------------+-------+-------++-------
Melee: Long sword        |    32 |       ||    32
       Headbutt          |    12 |     6 ||    18
       Spear             |    52 |    47 ||    99
Armor: Scale mail        |    39 |    10 ||    49
Dodge: Dodged            |    48 |    26 ||    74
Block: Buckler           |    19 |     8 ||    27

Levels and vault maps discovered:
D:1:      amcnicky_arrival_blooded_trapdoor, layout_basic,
          basic_ecumenical_altar, st_stairs_9
D:2:      layout_loops_corners, basic_altar
D:3:      layout_basic, st_stairs_9, minmay_misc_feat_square,
          kennysheep_pointless_box
D:4:      minmay_chambers_of_fours, layout_layer_cave

Notes
Turn   | Place    | Note
-------+----------+-------------------------------------------
     0 | D:1      | Faeu the Minotaur Fighter began the quest for the Orb.
     0 | D:1      | Reached XP level 1. HP: 19/19 MP: 0/0
     0 | D:1      | magus.rc [v1.9.6]
   303 | D:1      | Reached XP level 2. HP: 27/27 MP: 1/1
   849 | D:1      | Reached skill level 4 in Fighting
   849 | D:1      | Reached skill level 3 in Long Blades
   849 | D:1      | Reached skill level 4 in Armour
   849 | D:1      | Reached skill level 4 in Shields
   849 | D:1      | Reached XP level 3. HP: 33/33 MP: 2/2
  1056 | D:1      | Found a faded altar of an unknown god.
  1069 | D:1      | Prayed at the altar of an unknown god.
  1069 | D:1      | Became a worshipper of Warmaster Okawaru
  1069 | D:1      | Reached * piety under Okawaru
  1315 | D:2      | Found a hide-covered altar of Uskayaw.
  2103 | D:3      | Reached XP level 4. HP: 19/41 MP: 3/3
  3215 | D:4      | Noticed an ogre
  3221 | D:4      | Mangled by an ogre

Vanquished Creatures
  A gnoll (D:1)
  5 adders
  A worm (D:2)
  2 dart slugs
  3 orcs (D:3)
  2 bats (D:1)
  6 endoplasms
  A giant cockroach (D:1)
  6 goblins
  4 hobgoblins
  3 quokkas
  5 ball pythons
  4 frilled lizards
  5 kobolds
  8 rats
56 creatures vanquished.

Table legend:
 A = Non-vault XP
 B = Vault XP
 C = Vault XP percentage of total XP
 D = Non-vault monster count
 E = Vault monster count
 F = Vault count percentage of total count
                 A         B        C        D         E       F
            +---------+---------+-------+---------+---------+-------
      Total |     158 |      11 |   6.5 |      50 |       6 |  10.7
            +---------+---------+-------+---------+---------+-------
        D:1 |      40 |       7 |  14.9 |      16 |       4 |  20.0
        D:2 |      34 |       0 |   0.0 |      13 |       0 |   0.0
        D:3 |      67 |       4 |   5.6 |      18 |       2 |  10.0
        D:4 |      17 |       0 |   0.0 |       3 |       0 |   0.0
            +---------+---------+-------+---------+---------+-------

Illustrated notes

Table legend:
 A = Kills in this place as a percentage of kills in entire the game.
 B = Kills by you in this place as a percentage of kills by you in the entire game.
 C = Kills by friends in this place as a percentage of kills by friends in the entire game.
 D = Other kills in this place as a percentage of other kills in the entire game.
 E = Experience gained in this place as a percentage of experience gained in the entire game.
 F = Experience gained in this place divided by the number of levels of this place that you have seen.
                   A       B       C       D       E      F
               +-------+-------+-------+-------+-------+----------------------
         Total | 100.0 | 100.0 |   N/A |   N/A | 100.0 |  42.2
       Dungeon | 100.0 | 100.0 |   N/A |   N/A | 100.0 |  42.2
               +-------+-------+-------+-------+-------+----------------------

Table legend: (Time is in decaauts)
 A = Elapsed time spent in this place.
 B = Non-inter-level travel time spent in this place.
 C = Inter-level travel time spent in this place.
 D = Time resting spent in this place.
 E = Time spent auto-exploring this place.
 F = Levels seen in this place.
 G = Mean time per level.
                   A        B        C        D        E       F      G
               +--------+--------+--------+--------+--------+-----+--------+
         Total |   3242 |   3108 |    134 |      0 |   2579 |   4 |  810.5 |
       Dungeon |   3242 |   3108 |    134 |      0 |   2579 |   4 |  810.5 |
               +--------+--------+--------+--------+--------+-----+--------+

Top non-repeatable levels by time:
     D:1: 1240 daAuts
     D:3: 897 daAuts
     D:2: 847 daAuts
     D:4: 256 daAuts
